 Dungeon Crawl Stone Soup version 0.29.0-4-gdea44cf6ec (webtiles) character file.

Game seed: 14110723863512101491

3196 qw the Cleaver (level 9, -2/54 HPs)
             Began as a Tengu Warper on Aug 28, 2022.
             Was a Follower of Okawaru.
             Slain by Pikel
             ... wielding a +1 whip of electrocution
              (6 damage)
             ... on level 7 of the Dungeon.
             The game lasted 00:00:48 (9671 turns).

qw the Cleaver (Tengu Warper)                       Turns: 9671, Time: 00:00:48

Health: -2/54      AC: 15    Str: 16    XL:     9   Next: 96%
Magic:  12/13      EV: 14    Int: 14    God:    Okawaru [*.....]
Gold:   244        SH:  0    Dex: 19    Spells: 12/12 levels left

rFire   . . .      SeeInvis .   h - +0 war axe (vamp)
rCold   . . .      Faith    .   (no shield)
rNeg    . . .      Spirit   .   a - +0 chain mail
rPois   .          Reflect  .   (helmet restricted)
rElec   .          Harm     .   (no cloak)
rCorr   .          Rampage  .   (no gloves)
Will    .....                   (boots unavailable)
Stlth   ..........              (no amulet)
HPRegen 0.18/turn               b - +6 ring of dexterity
MPRegen 0.13/turn               n - +4 ring of protection

@: about to teleport, heroic, weakened, flying quickly and evasively, quick
A: beak, talons 3, nimble flight
a: Renounce Religion, Heroism


You were on level 7 of the Dungeon.
You worshipped Okawaru.
Okawaru was aware of your devotion.
You visited 2 branches of the dungeon, and saw 8 of its levels.

You collected 298 gold pieces.
You spent 54 gold pieces at shops.


Innate Abilities, Weirdness & Mutations

You have a beak for a mouth.
You have claws for feet.
Your magical nature lets you fly swiftly and evasively.


   Skills:
 - Level 5.3(10.3) Fighting
 + Level 11.3(16.3) Axes
 - Level 3.2(8.2) Throwing
 - Level 4.2(9.2) Armour
 - Level 4.6(9.6) Dodging
 - Level 2.0 Spellcasting
 - Level 2.4 Translocations
 + Level 3.5 Invocations


You had 12 spell levels left.
You didn't know any spells.
Your spell library contained the following spells:

 Spells                   Type           Power      Damage    Failure   Level
 Blink                    Tloc           16%        N/A       83%         2
 Gell's Gravitas          Tloc           8%         N/A       97%         3
 Lesser Beckoning         Tloc           8%         N/A       97%         3
 Teleport Other           Tloc           8%         N/A       97%         3
 Manifold Assault         Tloc           8%         N/A       100%        5

Inventory:

Hand Weapons
 h - a +0 vampiric war axe (weapon)
 k - a +0 morningstar
Missiles
 d - 3 boomerangs (quivered)
Armour
 a - a +0 chain mail (worn)
 i - a +2 hat
 v - a +0 plate armour
Jewellery
 b - a +6 ring of dexterity (left hand)
 n - a +4 ring of protection (right hand)
 q - a ring of positive energy
 u - an amulet of faith
Scrolls
 p - 2 scrolls of identify
Potions
 c - 3 potions of heal wounds
 e - a potion of berserk rage {unknown}
 f - a potion of curing
 g - 2 potions of might
 j - a potion of degeneration {unknown}
 l - a potion of haste
 m - a potion of cancellation
 o - a potion of brilliance {unknown}
 r - a potion of lignification {unknown}

Dungeon Overview and Level Annotations

Branches:
Dungeon (7/15)             Temple (1/1) D:6

Altars:
Ashenzari
Cheibriados
Dithmenos
Elyvilon
Fedhas
Gozag
Hepliaklqana
Kikubaaqudgha
Nemelex Xobeh
Okawaru
Qazlal
Ru
Trog
Uskayaw
Wu Jian
Xom
Yredelemnul
Zin
The Shining One

Shops:
D:5 [([

Annotations:
D:7 Pikel


Message History

A gnoll comes into view. It is wielding a +0 spear.
You hit the orc warrior but do no damage.
You claw the orc warrior, but do no damage.
You peck the orc warrior, but do no damage.
The orc warrior is severely wounded.
You hit the orc wizard.
You feel better.
You hit Pikel but do no damage. Pikel hits you but does no damage.
The gnoll bouda gazes fiercely through you!
You feel as though you will be weak longer.
The orc wizard hits you but does no damage.
The orc warrior barely misses you.
You slash the orc warrior!
You kill the orc warrior!
Okawaru accepts your kill.
You slash the orc wizard!
You feel better.
You kill the orc wizard!
Okawaru accepts your kill.
You hit Pikel.
Pikel hits you with a +1 whip of electrocution.
You barely miss Pikel. Your kick misses Pikel.
You peck Pikel, but do no damage.
Pikel is lightly wounded.
You hit the lemure. Pikel barely misses you.
The lemure hits you but does no damage.
You hit Pikel but do no damage. You claw Pikel, but do no damage.
Pikel is lightly wounded.
You barely miss the lemure. You closely miss the lemure.
Pikel barely misses you. The lemure completely misses you.
The lemure hits you but does no damage. The gnoll misses you.
You hit Pikel but do no damage. You peck Pikel, but do no damage.
Pikel is lightly wounded.
You hit the lemure but do no damage. You hit the lemure.
Pikel hits you with a +1 whip of electrocution.
You are electrocuted!!
The gnoll bouda gazes fiercely through you!
You feel as though you will be weak longer.
9671 ||| READING scroll of teleportation.
As you read the scroll of teleportation, it crumbles to dust.
You feel strangely unstable.
Pikel hits you with a +1 whip of electrocution.
You die...

#~~~~~... #~~~.....
...P.P. #~~....?#
#.....P.77
#~~~....#
#.....P7.7
#~~~....# #......P7
#~~~....##+#.....P7
#~~~.............P.
#~~~./.....g....#
#~~.......@K....#
#~~.~.##)#55....#
#~~~~.#..#gg##''#
#~~~..#..#go#...#
#~~~. ####og#...#
#~~(5 .g.#...# #~~5
....###)#
......#..## ####..
#>..##


You could see Pikel (fast), 2 lemures, 2 gnoll boudas, an orc priest, 4 gnolls
and an orc.

Vanquished Creatures
  A two-headed ogre (D:6)
  A gargoyle (D:7)
  A wyvern (D:7)
  Eustachio (D:5)
  A steam dragon (D:7)
  Menkaure (D:5)
  2 orc warriors (D:7)
  A sky beast (D:7)
  An ice beast (D:7)
  2 ogres (D:5)
  A centaur (D:4)
  2 lemures (D:7)
  A phantom (D:4)
  2 bullfrogs
  2 necrophages (D:4)
  A scorpion (D:4)
  3 wights (D:6)
  4 hounds
  4 jellies
  A gnoll bouda (D:7)
  An orc priest (D:5)
  2 iguanas
  An orc wizard (D:7)
  A howler monkey zombie (D:4)
  4 gnolls (D:4)
  5 adders
  A shadow imp (D:6)
  2 white imps (D:6)
  An ufetubus (D:6)
  An adder zombie (D:4)
  2 worms
  3 dart slugs
  20 orcs
  2 ball pythons
  4 endoplasms
  2 giant cockroaches
  13 goblins
  8 hobgoblins
  9 jackals
  6 quokkas
  4 bats
  3 frilled lizards
  7 kobolds
  7 rats
142 creatures vanquished.

Vanquished Creatures (others)
  2 plants (D:7)
  4 withered plants (D:1)
6 creatures vanquished.

Grand Total: 148 creatures vanquished

Notes
Turn   | Place    | Note
-------+----------+-------------------------------------------
     0 | D:1      | qw the Tengu Warper began the quest for the Orb.
     0 | D:1      | Reached XP level 1. HP: 12/12 MP: 4/4
     0 | D:1      | 0 ||| qw: Version: 0.1-a-89-g26bdef1
     0 | D:1      | 0 ||| qw: Game counter: 908
     0 | D:1      | 0 ||| qw: Always use a shield: true
     0 | D:1      | 0 ||| qw: God list: Okawaru
     0 | D:1      | 0 ||| qw: Allow faded altars: false
     0 | D:1      | 0 ||| qw: Do Orc after D:15 true
     0 | D:1      | 0 ||| qw: Do second Lair branch before Depths: true
     0 | D:1      | 0 ||| qw: Lair rune preference: random
     0 | D:1      | 0 ||| qw: Plans: Normal
     0 | D:1      | 0 ||| PLANNING D:1-11
    23 | D:1      | Found a faded altar of an unknown god.
   324 | D:1      | Reached skill level 3 in Axes
   324 | D:1      | Reached XP level 2. HP: 15/17 MP: 6/6
   899 | D:1      | 899 ||| Stepping ~*~*~tactically~*~*~ (hiding).
  1282 | D:1      | 1282 ||| UPGRADING to +0 scale mail.
  1292 | D:1      | 1292 ||| DROPPING +0 leather armour.
  1293 | D:1      | 1293 ||| READING scroll labelled GOHAMY LORENLU.
  1294 | D:1      | 1294 ||| READING scroll labelled WAXUT NOECKAKH.
  1295 | D:1      | 1295 ||| READING scroll labelled XIEHAZX FUSMA.
  1296 | D:1      | 1296 ||| READING scroll labelled WAPTACWURAS.
  1297 | D:1      | 1297 ||| DROPPING scroll of blinking.
  1364 | D:2      | Reached XP level 3. HP: 12/21 MP: 7/7
  1364 | D:2      | 1364 ||| STAIRDANCE
  1368 | D:1      | HP: 5/21 [poisoned by a kobold]
  1622 | D:2      | 1622 ||| DROPPING +0 mace.
  1916 | D:2      | Identified the +3 dagger "Sobb" {elec, Contam rElec rCorr}
  2031 | D:2      | 2031 ||| Stepping ~*~*~tactically~*~*~ (stealth).
  2032 | D:2      | 2032 ||| Stepping ~*~*~tactically~*~*~ (stealth).
  2037 | D:2      | Reached skill level 4 in Axes
  2463 | D:2      | Reached XP level 4. HP: 23/26 MP: 8/8
  2847 | D:2      | 2847 ||| READING scroll labelled FETANN LISCHI.
  2848 | D:2      | 2848 ||| READING scroll labelled HURHIPPECW.
  2849 | D:2      | 2849 ||| READING scroll labelled FYXKACI PUKU.
  2850 | D:2      | 2850 ||| READING scroll labelled MEOCLUCW LAGUL.
  2851 | D:2      | 2851 ||| READING scroll labelled CEHOSA UGAE.
  2852 | D:2      | 2852 ||| READING scroll labelled MEOBUC ASAZOO.
  2853 | D:2      | 2853 ||| READING scroll labelled VORYRO PUHO.
  3023 | D:3      | 3023 ||| PLANNING SEWER
  3148 | D:3      | Reached skill level 5 in Axes
  3197 | D:3      | 3197 ||| DROPPING +1 whip of venom.
  3334 | D:3      | 3334 ||| READING scroll of enchant weapon.
  3334 | D:3      | 3334 ||| ENCHANTING +1 hand axe.
  3620 | D:3      | 3620 ||| RIP SEWER
  3632 | D:3      | 3632 ||| PLANNING D:1-11
  3846 | D:3      | 3846 ||| UPGRADING to +6 ring of dexterity.
  3847 | D:3      | 3847 ||| DRINKING 2 pink potions.
  3848 | D:3      | 3848 ||| DRINKING 3 cyan potions.
  3849 | D:3      | 3849 ||| DRINKING 2 murky blue potions.
  3850 | D:3      | 3850 ||| DRINKING 2 smoky yellow potions.
  3851 | D:3      | 3851 ||| DROPPING potion of flight.
  3852 | D:3      | 3852 ||| DROPPING potion of attraction.
  3928 | D:4      | 3928 ||| Stepping ~*~*~tactically~*~*~ (stealth).
  3937 | D:4      | Gained mutation: Your magical nature lets you fly swiftly
                  | and evasively. [Tengu growth]
  3937 | D:4      | Reached XP level 5. HP: 8/29 MP: 9/9
  3981 | D:4      | 3981 ||| FLEEEEING.
  3982 | D:4      | 3982 ||| FLEEEEING.
  3983 | D:4      | 3983 ||| FLEEEEING.
  3984 | D:4      | 3984 ||| FLEEEEING.
  3985 | D:4      | 3985 ||| FLEEEEING.
  3986 | D:4      | 3986 ||| FLEEEEING.
  3987 | D:4      | 3987 ||| STAIRDANCE
  4188 | D:4      | 4188 ||| Stepping ~*~*~tactically~*~*~ (stealth).
  4190 | D:4      | 4190 ||| Stepping ~*~*~tactically~*~*~ (stealth).
  4223 | D:4      | Reached skill level 6 in Axes
  4365 | D:4      | Noticed a centaur
  4366 | D:4      | 4366 ||| Stepping ~*~*~tactically~*~*~ (hiding).
  4377 | D:4      | Killed a centaur
  4378 | D:4      | Reached skill level 7 in Axes
  4378 | D:4      | Reached XP level 6. HP: 16/35 MP: 10/10
  4646 | D:4      | Reached skill level 3 in Fighting
  4789 | D:4      | 4789 ||| Stepping ~*~*~tactically~*~*~ (hiding).
  4964 | D:4      | Reached XP level 7. HP: 41/41 MP: 11/11
  4997 | D:4      | Reached skill level 3 in Dodging
  5246 | D:4      | 5246 ||| Stepping ~*~*~tactically~*~*~ (stealth).
  5249 | D:4      | 5249 ||| Stepping ~*~*~tactically~*~*~ (stealth).
  5312 | D:4      | 5312 ||| Stepping ~*~*~tactically~*~*~ (stealth).
  5341 | D:4      | 5341 ||| Stepping ~*~*~tactically~*~*~ (stealth).
  5348 | D:4      | 5348 ||| Stepping ~*~*~tactically~*~*~ (stealth).
  5349 | D:4      | 5349 ||| Stepping ~*~*~tactically~*~*~ (stealth).
  5352 | D:4      | 5352 ||| Stepping ~*~*~tactically~*~*~ (stealth).
  5524 | D:4      | 5524 ||| Stepping ~*~*~tactically~*~*~ (stealth).
  5525 | D:4      | 5525 ||| Stepping ~*~*~tactically~*~*~ (stealth).
  5583 | D:4      | Found a basalt altar of Yredelemnul.
  5656 | D:4      | 5656 ||| UPGRADING to +4 ring of protection.
  5657 | D:4      | 5657 ||| READING scroll labelled SOT RAUZUPET.
  5658 | D:4      | 5658 ||| READING scroll labelled BUAMEKL ELAYRPH.
  5661 | D:4      | 5661 ||| READING 2 scrolls of identify.
  5661 | D:4      | 5661 ||| IDENTIFYING viscous inky potion
  5662 | D:4      | 5662 ||| DROPPING potion of ambrosia.
  5673 | D:5      | Entered Level 5 of the Dungeon
  5678 | D:5      | Reached skill level 8 in Axes
  5678 | D:5      | 5678 ||| STAIRDANCE
  5781 | D:5      | Found Miotsept's Armour Shoppe.
  5784 | D:5      | 5784 ||| BUYING +0 chain mail (54 gold).
  5784 | D:5      | Bought a +0 chain mail for 54 gold pieces
  5784 | D:5      | 5784 ||| SHOPLISTING +0 kite shield of fire resistance (138
                  | gold, have 110).
  5784 | D:5      | 5784 ||| SHOPLISTING +1 chain mail of willpower (198 gold,
                  | have 110).
  5786 | D:5      | Found Yhoera's Antique Weapon Boutique.
  5808 | D:5      | 5808 ||| Stepping ~*~*~tactically~*~*~ (stealth).
  5812 | D:5      | 5812 ||| Stepping ~*~*~tactically~*~*~ (hiding).
  5915 | D:5      | 5915 ||| Stepping ~*~*~tactically~*~*~ (stealth).
  5930 | D:5      | HP: 3/41 [iguana (9)]
  6218 | D:5      | 6218 ||| DROPPING +0 flail.
  6223 | D:5      | 6223 ||| SWAPPING to +0 war axe.
  6224 | D:5      | 6224 ||| DROPPING +2 hand axe.
  6294 | D:5      | Noticed Eustachio
  6307 | D:5      | Found Rukhuras's Armour Shoppe.
  6310 | D:5      | Killed Eustachio
  6311 | D:5      | Reached skill level 3 in Throwing
  6311 | D:5      | Reached XP level 8. HP: 46/46 MP: 12/12
  6318 | D:5      | 6318 ||| SHOPLISTING +0 cloak of willpower (161 gold, have
                  | 124).
  6318 | D:5      | 6318 ||| SHOPLISTING +1 pair of gloves (161 gold, have
                  | 124).
  6318 | D:5      | 6318 ||| SHOPLISTING +1 pair of gloves of infusion (231
                  | gold, have 124).
  6318 | D:5      | 6318 ||| SHOPLISTING +2 pair of gloves of infusion (301
                  | gold, have 124).
  6481 | D:5      | Noticed Menkaure
  6482 | D:5      | 6482 ||| Stepping ~*~*~tactically~*~*~ (hiding).
  6488 | D:5      | Killed Menkaure
  6489 | D:5      | Reached skill level 9 in Axes
  6727 | D:5      | You are sucked into a shaft and drop 1 floor!
  6735 | D:6      | 6735 ||| UPGRADING to +0 chain mail.
  6745 | D:6      | 6745 ||| DROPPING +0 scale mail.
  6746 | D:6      | 6746 ||| DROPPING amulet of magic regeneration.
  6747 | D:6      | 6747 ||| DRINKING 2 smoky dark potions.
  6955 | D:6      | Reached skill level 3 in Armour
  7222 | D:6      | Found a staircase to the Ecumenical Temple.
  7223 | D:6      | 7223 ||| PLANNING TEMPLE
  7223 | D:6      | 7223 ||| READING scroll labelled NIORA UMIZU.
  7224 | D:6      | 7224 ||| READING 2 scrolls of identify.
  7224 | D:6      | 7224 ||| IDENTIFYING metallic purple potion
  7231 | Temple   | Entered the Ecumenical Temple
  7265 | Temple   | Became a worshipper of Warmaster Okawaru
  7316 | Temple   | 7316 ||| PLANNING D:1-11
  7504 | D:6      | Noticed a two-headed ogre
  7512 | D:6      | HP: 5/48 [two-headed ogre/+0 giant club (24)]
  7513 | D:6      | 7513 ||| DRINKING potion of heal wounds.
  7515 | D:6      | Killed a two-headed ogre
  7515 | D:6      | Reached * piety under Okawaru
  7516 | D:6      | Reached skill level 11 in Axes
  7516 | D:6      | Reached XP level 9. HP: 4/52 MP: 13/13
  7521 | D:6      | 7521 ||| Stepping ~*~*~tactically~*~*~ (stealth).
  7523 | D:6      | 7523 ||| Stepping ~*~*~tactically~*~*~ (stealth).
  7526 | D:6      | 7526 ||| Stepping ~*~*~tactically~*~*~ (stealth).
  7572 | D:6      | 7572 ||| INVOKING Heroism.
  7846 | D:6      | 7846 ||| Stepping ~*~*~tactically~*~*~ (hiding).
  7848 | D:6      | 7848 ||| Stepping ~*~*~tactically~*~*~ (hiding).
  7849 | D:6      | 7849 ||| Stepping ~*~*~tactically~*~*~ (hiding).
  7850 | D:6      | 7850 ||| Stepping ~*~*~tactically~*~*~ (hiding).
  7851 | D:6      | 7851 ||| Stepping ~*~*~tactically~*~*~ (hiding).
  7853 | D:6      | 7853 ||| Stepping ~*~*~tactically~*~*~ (hiding).
  8375 | D:6      | 8375 ||| READING scroll labelled RUIRAO HOJIR.
  8740 | D:7      | Found an ornate altar of the Wu Jian Council.
  8740 | D:7      | Found a shadowy altar of Dithmenos.
  8740 | D:7      | Found a white marble altar of Elyvilon.
  8740 | D:7      | Found an opulent altar of Gozag.
  8819 | D:7      | Noticed a gargoyle
  8820 | D:7      | 8820 ||| Stepping ~*~*~tactically~*~*~ (hiding).
  8826 | D:7      | 8826 ||| INVOKING Heroism.
  8829 | D:7      | Killed a gargoyle
  9026 | D:7      | 9026 ||| INVOKING Heroism.
  9126 | D:7      | 9126 ||| INVOKING Heroism.
  9268 | D:7      | 9268 ||| INVOKING Heroism.
  9550 | D:7      | 9550 ||| INVOKING Heroism.
  9555 | D:7      | Reached skill level 3 in Invocations
  9591 | D:7      | 9591 ||| INVOKING Heroism.
  9613 | D:7      | 9613 ||| Stepping ~*~*~tactically~*~*~ (stealth).
  9651 | D:7      | 9651 ||| FLEEEEING.
  9653 | D:7      | 9653 ||| Stepping ~*~*~tactically~*~*~ (hiding).
  9655 | D:7      | 9655 ||| Stepping ~*~*~tactically~*~*~ (hiding).
  9657 | D:7      | 9657 ||| INVOKING Heroism.
  9657 | D:7      | Noticed Pikel
  9670 | D:7      | HP: 4/54 [Pikel/+1 whip of electrocution (18)]
  9671 | D:7      | 9671 ||| READING scroll of teleportation.
  9671 | D:7      | Slain by Pikel

Levels and vault maps discovered:
D:1:      minmay_arrival_doors, layout_loops_corners,
          ebering_ecumenical_altar_petrified, minmay_misc_feat_chi,
          minmay_misc_feat_secret_circle, nrook_campfire
D:2:      layout_loops_corners
D:3:      layout_basic, gup_sewer_entry_spiral
D:4:      kennysheep_the_goblin_king, layout_loops_ring,
          lemuel_zombie_altar_yredelemnul, minmay_misc_feat_nine_boxes
D:5:      layout_cave_pools, serial_shops,
          nicolae_shop_temple_entry_statues_fountains, kennysheep_mini,
          shop_fountains, kennysheep_path_1, uniq_menkaure, uniq_eustachio
D:6:      layout_loops_corners, minmay_temple_entry_hall
D:7:      kennysheep_seaside_town, layout_loops_ring,
          chequers_temple_overflow_statue_of_worship,
          hangedman_abyss_or_decor_stabs, minmay_liquid_box,
          kennysheep_decorative_pillar, uniq_pikel
Temple:   nicolae_temple_superstar

Skill      XL: |  1  2  3  4  5  6  7  8  9 |
---------------+----------------------------+-----
Axes           | 3 4 5 7 8 11 | 11.3
Fighting       | 3 4 5 |  5.3
Dodging        | 3 4 |  4.6
Throwing       | 3 |  3.2
Armour         | 3 4 |  4.2
Invocations    | 3 |  3.5
Spellcasting   | |  2.0
Translocations | |  2.4

Action                   |  1- 3 |  4- 6 |  7- 9 || total
-------------------------+-------+-------+-------++-------
Melee: Hand axe          |    82 |   131 |    63 ||   276
       Peck              |     8 |    24 |    39 ||    71
       Kick              |    14 |    38 |    73 ||   125
       Punch             |       |     1 |     2 ||     3
       War axe           |       |       |   133 ||   133
Throw: Boomerang         |     7 |     5 |    31 ||    43
       Javelin           |     2 |    28 |    36 ||    66
Invok: Heroism           |       |       |     8 ||     8
  Use: Scroll            |     4 |     8 |     7 ||    19
       Potion            |       |     4 |     2 ||     6
Armor: Leather armour    |     9 |       |       ||     9
       Scale mail        |    11 |    45 |    12 ||    68
       Chain mail        |       |       |    38 ||    38
Dodge: Dodged            |    38 |    50 |    64 ||   152

Table legend:
 A = Non-vault XP
 B = Vault XP
 C = Vault XP percentage of total XP
 D = Non-vault monster count
 E = Vault monster count
 F = Vault count percentage of total count
                 A         B        C        D         E       F
            +---------+---------+-------+---------+---------+-------
      Total |    3817 |     749 |  16.4 |     121 |      19 |  13.6
            +---------+---------+-------+---------+---------+-------
        D:1 |      31 |       0 |   0.0 |      16 |       0 |   0.0
        D:2 |      71 |       0 |   0.0 |      22 |       0 |   0.0
        D:3 |      45 |      10 |  18.2 |      20 |       4 |  16.7
        D:4 |     701 |      34 |   4.6 |      28 |       9 |  24.3
        D:5 |     377 |     369 |  49.5 |       8 |       2 |  20.0
        D:6 |    1281 |       0 |   0.0 |      18 |       0 |   0.0
        D:7 |    1311 |     336 |  20.4 |       9 |       4 |  30.8
            +---------+---------+-------+---------+---------+-------
